 Dungeon Crawl Stone Soup version bcrawl-1.40.3b (webtiles) character file.

Game seed: 1340336967414826878

437992 tauben the Covert (level 14, -2/108 HPs)
             Began as a Gnoll Archaeologist on Mar 22, 2024.
             Was an Initiate of Gozag.
             Slain by a minotaur (17 damage)
             ... in a Gauntlet.
             The game lasted 00:43:01 (16998 turns).

tauben the Covert (Gnoll Archaeologist)            Turns: 16998, Time: 00:43:01

Health: -2/108     AC: 20    Str: 18    XL:     14   Next: 3%
Magic:  10/17      EV: 16    Int: 20    God:    Gozag
Gold:   2148       SH: 14    Dex: 16    Spells: 15/30 levels left

rFire    + . .     GDR:     34% a - +4 falchion (protect)
rCold    + + .     SeeInvis .   y - +0 medium shield
rNeg     . . .     Gourm    .   c - +3 leather armour {rPois}
rPois    +         Faith    .   W - +1 helmet {Int+3}
rElec    +         Spirit   .   h - scarf of Ornamental Happiness {clouds, rF+ MR+ Dex+2}
rCorr    .         Reflect  .   (no gloves)
MR       ++...     NoTele   +   o - +1 pair of boots
Stlth    ++++......             L - amulet of Jovaem {RegenMP +Inv rPois rC++ MP-9}
HPRegen  0.28/turn              G - +5 ring of slaying
MPRegen  0.45/turn              H - ring of insulation

@: protection aura, very slightly contaminated, hasted, very quick
A: distributed training, fangs 1, iridescent scales 1, mutation resistance 1,
MP-powered wands, strong nose
a: Potion Petition, Call Merchant, Bribe Branch, Renounce Religion, Evoke Fog,
Evoke Invisibility


You were in a Gauntlet.
You worshipped Gozag.
Gozag was most pleased with you.
You were not hungry.

You visited 3 branches of the dungeon, and saw 16 of its levels.
You also visited: Ossuary and Gauntlet.

You collected 3267 gold pieces.
You spent 650 gold pieces at shops.
You paid 469 gold pieces to Gozag.

Inventory:

Hand Weapons
 a - a +4 falchion of protection (weapon)
 b - a +0 blowgun
 U - a +0 morningstar
Missiles
 f - 6 curare-tipped needles
 k - 2764 stones
 l - 40 needles of confusion
 s - 1848 arrows
 B - 238 poisoned needles
 O - 13 poisoned tomahawks (quivered)
Armour
 c - a +3 leather armour of poison resistance (worn)
 h - the scarf of Ornamental Happiness (worn) {clouds, rF+ MR+ Dex+2}
   (You acquired it on level 3 of the Dungeon)

   It affects your dexterity (+2).
   It protects you from fire.
   It affects your resistance to hostile enchantments.
 o - a +1 pair of boots (worn)
 y - a +0 medium shield (worn)
 W - a +1 helmet of intelligence (worn)
Jewellery
 u - a +5 amulet of reflection
 G - a +5 ring of slaying (left hand)
 H - a ring of insulation (right hand)
 L - the amulet of Jovaem (around neck) {RegenMP +Inv rPois rC++ MP-9}
   (You found it on level 7 of the Dungeon)

   [amulet of magic regeneration]

   It increases your magic regeneration.
   It greatly protects you from cold.
   It protects you from poison.
   It affects your magic capacity (-9).
   It lets you turn invisible.
 R - an uncursed ring of see invisible
 S - an uncursed ring of positive energy
Wands
 E - a wand of polymorph (32)
 K - a wand of iceblast (6)
Scrolls
 g - 6 scrolls of remove curse
 m - 6 scrolls of teleportation
 r - a scroll of fear
 t - 2 scrolls of amnesia
 v - 2 scrolls of enchant weapon
 w - a scroll of noise {unknown}
 C - 7 scrolls of immolation
 F - 3 scrolls of enchant armour
 I - 2 scrolls of revelation
 P - a scroll of fog
 Q - 2 scrolls of blinking
 T - a scroll of vulnerability {unknown}
Potions
 j - a potion of mutation
 n - 9 potions of curing
 p - 2 potions of might
 q - 2 potions of magic
 x - a potion of agility
 A - 2 potions of ambrosia
 D - 2 potions of lignification
 J - a potion of heal wounds
 M - a potion of brilliance
 N - 3 potions of haste
Miscellaneous
 d - a lightning rod (1/4)
 z - a lamp of fire (inert)
 V - a phantom mirror
Comestibles
 e - 9 rations {!d}


   Skills:
 + Level 9.0 Fighting
 + Level 8.6 Short Blades
 + Level 8.6 Long Blades
 + Level 8.6 Axes
 + Level 9.0 Maces & Flails
 + Level 8.6 Polearms
 + Level 8.6 Staves
 + Level 8.6 Slings
 + Level 8.6 Bows
 + Level 8.6 Crossbows
 + Level 8.6 Throwing
 + Level 8.6 Armour
 + Level 10.7 Dodging
 + Level 10.7 Stealth
 + Level 8.6 Shields
 + Level 8.6 Unarmed Combat
 + Level 8.6 Spellcasting
 + Level 7.1 Conjurations
 + Level 7.1 Hexes
 + Level 7.1 Charms
 + Level 7.1 Summonings
 + Level 7.1 Necromancy
 + Level 7.1 Translocations
 + Level 7.1 Transmutations
 + Level 7.1 Fire Magic
 + Level 7.1 Ice Magic
 + Level 7.1 Air Magic
 + Level 7.1 Earth Magic
 + Level 7.1 Poison Magic
 + Level 9.3 Invocations
 + Level 8.6 Evocations


You had 15 spell levels left.
You knew the following spells:

 Your Spells              Type           Power        Failure   Level  Hunger
a - Tukima's Dance        Hex            #####...     10%         3    None
b - Vampiric Draining     Necr           #####.....   10%         3    None
c - Mephitic Cloud        Conj/Pois/Air  #####...     10%         3    None
d - Ozocubu's Armour      Chrm/Ice       #####...     10%         3    None
e - Conjure Flame         Conj/Fire      #####...     10%         3    None

Your spell library contained the following spells:

 Spells                   Type           Power        Failure   Level  Hunger
 Throw Frost              Conj/Ice       #####.       1%          2    None
 Freeze                   Ice            #####.       3%          1    None
 Necrotize                Necr           #####.       3%          1    None
 Slow                     Hex            #####...     3%          1    None
 Ensorcelled Hibernation  Hex/Ice        #####.       4%          2    None
 Poisonous Vapours        Pois/Air       #####.       4%          2    None
 Confuse                  Hex            #####...     10%         3    None
 Dazzling Orbs            Conj/Hex       #####..      10%         3    None
 Agony                    Necr           #####...     32%         4    ###....
 Animate Dead             Necr           N/A          32%         4    ###....
 Cause Fear               Hex            #####.....   32%         4    ###....
 Ice Form                 Ice/Tmut       #####...     32%         4    ###....
 Summon Ice Beast         Ice/Summ       #####...     32%         4    ###....
 Throw Icicle             Conj/Ice       #####...     32%         4    ###....
 Dispel Undead            Necr           #####...     65%         5    ####...
 Freezing Cloud           Ice/Air        #####...     65%         5    ####...
 Steam Barrier            Chrm/Fire      #####.....   65%         5    ####...


Dungeon Overview and Level Annotations

Branches:
Dungeon (10/12)            Temple (1/1) D:5            Lair (5/6) D:8
 Shoals (0/3) Lair:2       Spider (0/3) Lair:2
    Orc: D:8-11         Elf: Lair:5-6    Forest: Lair:5-6

Altars:
Ashenzari
Cheibriados
Dithmenos
Elyvilon
Fedhas
Gozag
Hepliaklqana
Kikubaaqudgha
Lugonu
Makhleb
Nemelex Xobeh
Okawaru
Qazlal
Ru
Sif Muna
Trog
Uskayaw
Vehumet
Wu Jian
Xom
Yredelemnul
Zin
The Shining One

Shops:
D:7 ?   D:8 =

Annotations:
Lair:5 1 runed translucent door, yrara's ghost, journeyman DsFi Gauntlet 4 transporters


Innate Abilities, Weirdness & Mutations

Your experience applies equally to all skills.
You have very sharp teeth.
Your uncanny sense of smell can sniff out nearby items.
You are partially covered in iridescent scales. (AC +2)
You are somewhat resistant to further mutation.
You expend magic power (3 MP) to strengthen your wands.


Message History

You block the minotaur's attack.
You slash the minotaur!
The minotaur is severely wounded.
You hit the minotaur.
You bite the minotaur, but do no damage.
The minotaur is severely wounded.
You block the minotaur's attack. The minotaur barely misses you.
You hit the minotaur.
You bite the minotaur, but do no damage.
The minotaur is severely wounded.
The minotaur hits you!!
* * * LOW HITPOINT WARNING * * *
The minotaur closely misses you.
You hit the minotaur but do no damage.
The minotaur is severely wounded.
You hit the minotaur.
The minotaur is severely wounded.
The minotaur hits you!
You die...
Your body crumbles into a pile of gold.

####..#!....
##########..#..#[#.##
####.##....##.©#..#©b.#©
#....##.##.....#..#..##.
##.##....##.##..#..#(.#..
#..##.##....##..#..#.##.#
##....##.##.....#..#.....
##.##....##.##..#..######
#.######@...##..#8.......
###∩...H.##.....#⌠.......
######.##.##..#8.......
#....##..#..######
#.##.....#..#.....
...##.##..#..#.#...
#.##....##..#..#).##. .
#.##.....#..#..##. ..
#.##.©#..#©.#.©


You could see a minotaur.

Vanquished Creatures
  An entropy weaver (Gauntlet)
  6 hydras
  A two-headed ogre (D:7)
  3 death yaks
  A queen ant (Gauntlet)
  An orb spider (Lair:2)
  An ugly thing (D:10)
  An oklob plant (Gauntlet)
  A black mamba (Lair:4)
  A merfolk siren (Lair:2)
  A torpor snail (Lair:4)
  2 cane toads (Lair:5)
  7 komodo dragons
  A rime drake (Lair:3)
  A troll (D:7)
  21 blink frogs
  A polar bear (Lair:1)
  2 harpy skeletons
  2 hippogriffs
  A shadow (D:10)
  24 yaks
  A wyvern (D:9)
  Eustachio (D:5)
  A redback (Gauntlet)
  Edmund (D:5)
  2 acid dragons (Gauntlet)
  7 crocodiles
  5 water moccasins
  12 porcupines
  3 black bears
  4 orc warriors
  4 sky beasts
  6 ice beasts
  3 phantoms
  4 soldier ants (Gauntlet)
  3 ogres
  3 wolves (Lair:2)
  11 bullfrogs
  3 centaurs
  A wyvern skeleton (D:8)
  3 scorpions
  5 killer bees
  8 wights
  4 howler monkeys
  4 electric eels (Lair:3)
  6 orc priests
  8 crimson imps
  A jelly (D:7)
  A bullfrog zombie (D:5)
  2 hounds
  A gnoll shaman (D:7)
  Ijyb (D:5)
  2 iguanas (D:4)
  5 orc wizards
  8 worker ants
  A killer bee zombie (D:6)
  2 kobold zombies (Ossuary)
  2 hound zombies
  2 hound skeletons
  4 mummies
  Robin (D:3)
  A worker ant zombie (D:5)
  A howler monkey skeleton (D:4)
  7 gnolls
  8 adders
  2 centaur zombies (Ossuary)
  2 shadow imps
  An adder zombie (D:6)
  An adder skeleton (D:4)
  4 worms
  3 dart slugs
  5 leopard geckos
  23 orcs
  2 ball pythons (D:2)
  4 giant cockroaches
  7 goblins
  14 hobgoblins
  2 jackals (D:6)
  3 quokkas
  4 bats
  2 frilled lizards
  2 goblin zombies (Ossuary)
  2 hobgoblin zombies (Ossuary)
  A jackal skeleton (D:6)
  7 kobolds
  7 rats
341 creatures vanquished.

Vanquished Creatures (others)
  A blink frog (Lair:3)
  A centaur (D:5)
  48 fungi
  40 plants
90 creatures vanquished.

Grand Total: 431 creatures vanquished

Notes
Turn   | Place    | Note
-------+----------+-------------------------------------------
     0 | D:1      | tauben the Gnoll Archaeologist began the quest for the Orb.
     0 | D:1      | Reached XP level 1. HP: 17/17 MP: 1/1
   149 | D:1      | Reached XP level 2. HP: 23/23 MP: 2/2
   320 | D:1      | Reached XP level 3. HP: 28/28 MP: 3/3
   826 | D:2      | Reached skill level 1 in Invocations
   980 | D:2      | Reached skill level 1 in Short Blades
   980 | D:2      | Reached skill level 1 in Long Blades
   980 | D:2      | Reached skill level 1 in Axes
   980 | D:2      | Reached skill level 1 in Polearms
   980 | D:2      | Reached skill level 1 in Staves
   980 | D:2      | Reached skill level 1 in Slings
   980 | D:2      | Reached skill level 1 in Bows
   980 | D:2      | Reached skill level 1 in Crossbows
   980 | D:2      | Reached skill level 1 in Throwing
   980 | D:2      | Reached skill level 1 in Armour
   980 | D:2      | Reached skill level 1 in Shields
   980 | D:2      | Reached skill level 1 in Unarmed Combat
   980 | D:2      | Reached skill level 1 in Spellcasting
   980 | D:2      | Reached skill level 1 in Evocations
  1010 | D:2      | Reached XP level 4. HP: 17/34 MP: 5/5
  1639 | D:3      | Reached skill level 1 in Conjurations
  1639 | D:3      | Reached skill level 1 in Hexes
  1639 | D:3      | Reached skill level 1 in Charms
  1639 | D:3      | Reached skill level 1 in Summonings
  1639 | D:3      | Reached skill level 1 in Necromancy
  1639 | D:3      | Reached skill level 1 in Translocations
  1639 | D:3      | Reached skill level 1 in Transmutations
  1639 | D:3      | Reached skill level 1 in Fire Magic
  1639 | D:3      | Reached skill level 1 in Ice Magic
  1639 | D:3      | Reached skill level 1 in Air Magic
  1639 | D:3      | Reached skill level 1 in Earth Magic
  1639 | D:3      | Reached skill level 1 in Poison Magic
  1640 | D:3      | Noticed Robin
  1644 | D:3      | Killed Robin
  1645 | D:3      | Noticed an ice beast
  1671 | D:3      | Killed an ice beast
  1672 | D:3      | Reached XP level 5. HP: 34/41 MP: 5/7
  1672 | D:3      | Identified a scroll of acquirement
  1672 | D:3      | Identified the scarf of Ornamental Happiness {clouds, rF+
                  | MR+ Dex+2} (You acquired it on level 3 of the Dungeon)
  1672 | D:3      | Identified the ring "Aduzoul" {rC+ Int+5} (You acquired it
                  | on level 3 of the Dungeon)
  1672 | D:3      | Identified the Tome of Damaging Slavery (You acquired it on
                  | level 3 of the Dungeon)
  1762 | D:3      | Reached XP level 6. HP: 44/47 MP: 8/8
  2302 | D:4      | Found a sand-covered staircase.
  2311 | Ossuary  | Entered an ossuary
  2617 | D:4      | Found a glowing golden altar of the Shining One.
  3112 | D:4      | Reached XP level 7. HP: 34/52 MP: 10/10
  3882 | D:5      | Entered Level 5 of the Dungeon
  3949 | D:5      | Found a staircase to the Ecumenical Temple.
  3957 | D:5      | Noticed an air elemental
  3959 | D:5      | Found a stormy altar of Qazlal.
  3969 | Temple   | Entered the Ecumenical Temple
  4325 | Temple   | Became a worshipper of Gozag Ym Sagoz the Greedy
  4353 | D:5      | Noticed Edmund
  4363 | D:5      | Noticed Eustachio
  4372 | D:5      | Killed Edmund
  4373 | D:5      | Reached XP level 8. HP: 60/60 MP: 10/12
  4467 | D:5      | Killed Eustachio
  4708 | D:5      | Noticed a water elemental
  4838 | D:5      | Noticed Ijyb
  4861 | D:5      | Killed Ijyb
  5807 | D:6      | Reached XP level 9. HP: 65/66 MP: 14/14
  6361 | D:7      | Noticed a troll
  6379 | D:7      | Killed a troll
  6520 | D:7      | Reached skill level 5 in Fighting
  6520 | D:7      | Reached skill level 5 in Maces & Flails
  6630 | D:7      | Found Faps's Magic Scroll Shoppe.
  6917 | D:7      | Found a burning altar of Makhleb.
  7253 | D:7      | Reached skill level 5 in Invocations
  7263 | D:7      | Got a vibrating copper amulet
  7275 | D:7      | Identified the amulet of Jovaem {RegenMP +Inv rPois rC++
                  | MP-9} (You found it on level 7 of the Dungeon)
  7411 | D:8      | Reached XP level 10. HP: 56/74 MP: 6/17
  7431 | D:8      | Found a staircase to the Lair.
  7690 | D:8      | Noticed a two-headed ogre
  7700 | D:8      | Reached skill level 5 in Short Blades
  7700 | D:8      | Reached skill level 5 in Long Blades
  7700 | D:8      | Reached skill level 5 in Axes
  7700 | D:8      | Reached skill level 5 in Polearms
  7700 | D:8      | Reached skill level 5 in Staves
  7700 | D:8      | Reached skill level 5 in Slings
  7700 | D:8      | Reached skill level 5 in Bows
  7700 | D:8      | Reached skill level 5 in Crossbows
  7700 | D:8      | Reached skill level 5 in Throwing
  7700 | D:8      | Reached skill level 5 in Armour
  7700 | D:8      | Reached skill level 5 in Shields
  7700 | D:8      | Reached skill level 5 in Unarmed Combat
  7700 | D:8      | Reached skill level 5 in Spellcasting
  7700 | D:8      | Reached skill level 5 in Evocations
  8179 | D:8      | Found Jeefou Nyit's Jewellery Boutique.
  8285 | D:7      | Killed a two-headed ogre
  9226 | D:8      | Gained mutation: You possess an exceptional clarity of
                  | mind. [potion of mutation]
  9226 | D:8      | Gained mutation: Scrolls take you a little longer to read.
                  | [potion of mutation]
  9226 | D:8      | Gained mutation: You are somewhat resistant to further
                  | mutation. [potion of mutation]
  9227 | D:8      | Lost mutation: Scrolls take you a little longer to read.
                  | [potion of mutation]
  9227 | D:8      | Lost mutation: You possess an exceptional clarity of mind.
                  | [potion of mutation]
  9227 | D:8      | Gained mutation: You are partially covered in iridescent
                  | scales. (AC +2) [potion of mutation]
  9227 | D:8      | Gained mutation: You expend magic power (3 MP) to
                  | strengthen your wands. [potion of mutation]
  9329 | Lair:1   | Entered Level 1 of the Lair of Beasts
  9459 | Lair:1   | Reached XP level 11. HP: 82/82 MP: 10/19
 10065 | Lair:1   | Noticed an eight-headed hydra
 10072 | Lair:1   | Killed an eight-headed hydra
 10073 | Lair:1   | Reached skill level 5 in Conjurations
 10073 | Lair:1   | Reached skill level 5 in Hexes
 10073 | Lair:1   | Reached skill level 5 in Charms
 10073 | Lair:1   | Reached skill level 5 in Summonings
 10073 | Lair:1   | Reached skill level 5 in Necromancy
 10073 | Lair:1   | Reached skill level 5 in Translocations
 10073 | Lair:1   | Reached skill level 5 in Transmutations
 10073 | Lair:1   | Reached skill level 5 in Fire Magic
 10073 | Lair:1   | Reached skill level 5 in Ice Magic
 10073 | Lair:1   | Reached skill level 5 in Air Magic
 10073 | Lair:1   | Reached skill level 5 in Earth Magic
 10073 | Lair:1   | Reached skill level 5 in Poison Magic
 10357 | Lair:1   | Reached XP level 12. HP: 91/91 MP: 11/22
 10477 | Lair:2   | Found a staircase to the Shoals.
 10598 | Lair:2   | Found a hole to the Spider Nest.
 11174 | Lair:3   | Noticed a death yak
 11420 | Lair:2   | Killed a death yak
 11477 | Lair:3   | Noticed an eight-headed hydra
 11504 | Lair:3   | Killed a ten-headed hydra
 11770 | Lair:3   | Reached skill level 10 in Dodging
 11770 | Lair:3   | Reached skill level 10 in Stealth
 11786 | Lair:3   | Bought a ration for 65 gold pieces
 11786 | Lair:3   | Bought a ration for 65 gold pieces
 11786 | Lair:3   | Bought a ration for 65 gold pieces
 11786 | Lair:3   | Bought a ration for 65 gold pieces
 11786 | Lair:3   | Bought a ration for 65 gold pieces
 11786 | Lair:3   | Bought a ration for 65 gold pieces
 11786 | Lair:3   | Bought a ration for 65 gold pieces
 11786 | Lair:3   | Bought a ration for 65 gold pieces
 11786 | Lair:3   | Bought a ration for 65 gold pieces
 11786 | Lair:3   | Bought a ration for 65 gold pieces
 11855 | Lair:3   | Noticed a four-headed hydra
 11877 | Lair:3   | Reached XP level 13. HP: 78/98 MP: 15/24
 13431 | D:10     | Entered Level 10 of the Dungeon
 16077 | Lair:5   | Learned a level 3 spell: Tukima's Dance
 16081 | Lair:5   | Learned a level 3 spell: Vampiric Draining
 16085 | Lair:5   | Learned a level 3 spell: Mephitic Cloud
 16089 | Lair:5   | Learned a level 3 spell: Ozocubu's Armour
 16299 | Lair:5   | Found a runed translucent door.
 16302 | Lair:5   | Noticed yrara's ghost (journeyman DsFi)
 16303 | Lair:5   | Identified the +2 spear of Past Mistakes {pierce, Int+7
                  | Dex+3}
 16317 | Lair:5   | Found a gate leading to a gauntlet.
 16332 | Gauntlet | Entered a Gauntlet
 16332 | Gauntlet | Found a transporter.
 16332 | Gauntlet | Found a transporter.
 16349 | Gauntlet | Found a transporter.
 16353 | Gauntlet | Found a transporter.
 16369 | Gauntlet | Found a transporter.
 16385 | Gauntlet | Found a transporter.
 16385 | Gauntlet | Noticed an entropy weaver
 16391 | Gauntlet | Found a transporter.
 16397 | Gauntlet | Found a transporter.
 16416 | Gauntlet | Found a transporter.
 16416 | Gauntlet | Found a transporter.
 16837 | Gauntlet | Killed an entropy weaver
 16838 | Gauntlet | Reached XP level 14. HP: 59/108 MP: 17/26
 16943 | Gauntlet | Learned a level 3 spell: Conjure Flame
 16998 | Gauntlet | Slain by a minotaur

Skill      XL: |  1  2  3  4  5  6  7  8  9 10 11 12 13 |
---------------+----------------------------------------+-----
Invocations    | 1 2 3 4 5 6 7 8 9 |  9.3
Short Blades   | 1 2 3 4 5 6 7 8 |  8.6
Long Blades    | 1 2 3 4 5 6 7 8 |  8.6
Axes           | 1 2 3 4 5 6 7 8 |  8.6
Polearms       | 1 2 3 4 5 6 7 8 |  8.6
Staves         | 1 2 3 4 5 6 7 8 |  8.6
Slings         | 1 2 3 4 5 6 7 8 |  8.6
Bows           | 1 2 3 4 5 6 7 8 |  8.6
Crossbows      | 1 2 3 4 5 6 7 8 |  8.6
Throwing       | 1 2 3 4 5 6 7 8 |  8.6
Armour         | 1 2 3 4 5 6 7 8 |  8.6
Shields        | 1 2 3 4 5 6 7 8 |  8.6
Unarmed Combat | 1 2 3 4 5 6 7 8 |  8.6
Spellcasting   | 1 2 3 4 5 6 7 8 |  8.6
Evocations     | 1 2 3 4 5 6 7 8 |  8.6
Conjurations   | 1 2 3 4 5 6 7 |  7.1
Hexes          | 1 2 3 4 5 6 7 |  7.1
Charms         | 1 2 3 4 5 6 7 |  7.1
Summonings     | 1 2 3 4 5 6 7 |  7.1
Necromancy     | 1 2 3 4 5 6 7 |  7.1
Translocations | 1 2 3 4 5 6 7 |  7.1
Transmutations | 1 2 3 4 5 6 7 |  7.1
Fire Magic     | 1 2 3 4 5 6 7 |  7.1
Ice Magic      | 1 2 3 4 5 6 7 |  7.1
Air Magic      | 1 2 3 4 5 6 7 |  7.1
Earth Magic    | 1 2 3 4 5 6 7 |  7.1
Poison Magic   | 1 2 3 4 5 6 7 |  7.1
Fighting       | 3 4 5 6 7 8 9 |  9.0
Maces & Flails | 3 4 5 6 7 8 9 |  9.0
Dodging        | 7 8 9 10 | 10.7
Stealth        | 7 8 9 10 | 10.7

Action                   |  1- 3 |  4- 6 |  7- 9 | 10-12 | 13-15 || total
-------------------------+-------+-------+-------+-------+-------++-------
Melee: Short sword       |   136 |   271 |   146 |       |       ||   553
       Whip              |     5 |       |       |       |       ||     5
       Bite              |    14 |    37 |    61 |    75 |    93 ||   280
       Punch             |       |     1 |       |       |       ||     1
       Falchion          |       |       |   280 |   393 |   507 ||  1180
       Unarmed           |       |       |    16 |       |       ||    16
       Morningstar       |       |       |       |       |    14 ||    14
Throw: Stone             |       |    13 |     5 |    44 |       ||    62
       Tomahawk          |       |       |       |    27 |    29 ||    56
 Cast: Mephitic Cloud    |       |       |       |       |     1 ||     1
       Ozocubu's Armour  |       |       |       |       |     1 ||     1
Invok: Potion Petition   |       |       |       |     1 |       ||     1
       Call Merchant     |       |       |       |     1 |       ||     1
Evoke: Wand              |       |       |       |     2 |    10 ||    12
       Lamp of fire      |       |       |       |     1 |     2 ||     3
       Lightning rod     |       |       |       |       |     3 ||     3
  Use: Scroll            |     2 |     6 |     2 |    14 |     4 ||    28
       Potion            |       |     1 |     3 |     5 |     6 ||    15
 Stab: Sleeping          |    13 |     4 |    14 |    10 |     8 ||    49
       Distracted        |       |     2 |     1 |     4 |     2 ||     9
       Invisible         |       |       |       |     4 |       ||     4
  Eat: Chunk             |     4 |    10 |     1 |       |       ||    15
       Ration            |       |     1 |     7 |     7 |     8 ||    23
Armor: Robe              |    32 |       |       |       |       ||    32
       Scale mail        |       |    79 |    45 |       |       ||   124
       Leather armour    |       |       |    83 |    90 |   138 ||   311
Dodge: Dodged            |    95 |   111 |   144 |   161 |   268 ||   779
Block: Medium shield     |       |    78 |   313 |   223 |   366 ||   980
       Reflection        |       |     1 |    10 |       |       ||    11
       Other             |       |       |     1 |       |       ||     1
